 Dungeon Crawl Stone Soup version 0.30.1-9-gdf580d7c3d (webtiles) character file.

Game seed: 13017608593503687746

1143 KittyFluff the Cudgeller (level 8, -1/49 HPs)
             Began as a Gargoyle Berserker on Oct 11, 2023.
             Was a Priest of Trog.
             Slain by an orc warrior
             ... wielding a +0 long sword
              (16 damage)
             ... on level 8 of the Dungeon.
             The game lasted 00:18:46 (4364 turns).

KittyFluff the Cudgeller (Gargoyle Berserker)       Turns: 4364, Time: 00:18:46

Health: -1/49      AC: 13    Str: 20    XL:     8   Next: 37%
Magic:  8/8        EV: 12    Int:  8    God:    Trog [***...]
Gold:   125        SH:  0    Dex:  9    Spells: 7/7 levels left

rFire   + + +        A - +2 mace (heavy)
rCold   . . .        (no shield)
rNeg    + . .        u - +3 robe "Orphuwug" {Rampage rF+++ Will+ Str-3}
rPois   ∞            (no helmet)
rElec   +            s - +0 cloak
rCorr   .            (no gloves)
SInv    .            f - +0 pair of boots
Will    +....        (no amulet)
Stlth   +            (no ring)
HPRegen 0.28/turn    (no ring)
MPRegen 0.11/turn

%: rampage
@: no status effects
A: sickness immunity, AC +5, negative energy resistance 1, electricity
resistance, torment resistance 1, petrification resistance
a: Renounce Religion, Berserk, Trog's Hand


You were on level 8 of the Dungeon.
You worshipped Trog.
Trog was most pleased with you.
You visited 1 branch of the dungeon, and saw 7 of its levels.

You collected 209 gold pieces.
You spent 84 gold pieces at shops.

Inventory:

Hand Weapons
 a - a +0 mace
 j - a +0 morningstar of protection
 A - a +2 heavy mace (weapon)
 C - a +0 quarterstaff
Missiles
 v - 6 poisoned darts (quivered)
Armour
 f - a +0 pair of boots (worn)
 m - a +0 leather armour
 r - a +0 kite shield
 s - a +0 cloak (worn)
 u - the +3 robe "Orphuwug" (worn) {Rampage rF+++ Will+ Str-3}
   (You found it on level 3 of the Dungeon)

   Str:       It affects your strength (-3).
   rF:        It renders you almost immune to fire.
   Rampage:   It bestows one free step when moving towards enemies.
   Will:      It increases your willpower.
Wands
 i - a wand of iceblast (12)
 w - a wand of polymorph (14)
Scrolls
 b - a scroll of teleportation
 e - 3 scrolls of vulnerability {unknown}
 g - 2 scrolls of enchant weapon {unknown}
 n - 2 scrolls of enchant armour
 x - 4 scrolls of immolation {unknown}
 y - a scroll of fog
Potions
 c - a potion of resistance
 d - 3 potions of heal wounds
 h - 2 potions of brilliance {unknown}
 k - a potion of haste {unknown}
 l - a potion of might {unknown}
 o - a potion of ambrosia {unknown}
 p - 3 potions of flight {unknown}
 q - a potion of invisibility {unknown}
 t - a potion of degeneration {unknown}
 z - a potion of magic {unknown}
 B - a potion of curing {unknown}


   Skills:
 + Level 5.2 Fighting
 * Level 6.1(6.4) Maces & Flails
 + Level 2.9(4.8) Staves
 * Level 6.0 Armour
 + Level 3.4 Dodging


You had 7 spell levels left.
You didn't know any spells.
Your spell library was empty.

Dungeon Overview and Level Annotations

Branches:
Dungeon (6/15)             Temple (0/1) D:5

Altars:
Elyvilon
Wu Jian

Shops:
D:3 ?


Innate Abilities, Weirdness & Mutations

You are immune to sickness and miasma.
Your stone body is resilient. (AC +5)
You are immune to poison.
You resist negative energy. (rN+)
You are resistant to electric shocks. (rElec)
You are resistant to unholy torment.
You are immune to petrification.


Message History

The gnoll sergeant shouts!
You rampage towards the gnoll sergeant!
The gnoll sergeant blocks your attack. The gnoll sergeant barely misses you.
The gnoll sergeant misses you. The gnoll sergeant blocks your attack.
The gnoll sergeant closely misses you.
You thump the gnoll sergeant!
The gnoll sergeant is heavily wounded.
The gnoll sergeant hits you with a +2 trident of venom.
The gnoll sergeant closely misses you.
You sock the gnoll sergeant!
The gnoll sergeant is severely wounded.
The gnoll sergeant misses you.
The gnoll sergeant hits you with a +2 trident of venom.
The gnoll sergeant blocks your attack.
The gnoll sergeant is severely wounded.
The gnoll sergeant barely misses you.
You sock the gnoll sergeant!
You kill the gnoll sergeant!
Trog accepts your kill.
Your Armour skill increases to level 6!
Items here: ) [[ †.
r - a +0 kite shield You hear the faint creaking of a portcullis nearby.
w - a wand of polymorph (14)
An orc warrior comes into view. It is wielding a +0 long sword.
An orc warrior is nearby!
The orc warrior shouts!
The orc warrior unwields a +0 long sword.
The orc warrior wields a +0 arbalest.
The orc warrior shoots a bolt.
The bolt hits you but does no damage.
You start resting.
An orc warrior is nearby!
You closely miss the orc warrior.
The orc warrior unwields a +0 arbalest.
The orc warrior wields a +0 long sword.
The orc warrior hits you with a +0 long sword.
You closely miss the orc warrior.
The orc warrior drinks a potion.
The orc warrior goes berserk!
The orc warrior hits you with a +0 long sword!
You hit the orc warrior but do no damage.
The orc warrior hits you with a +0 long sword!
You die...

#.##...#)###### **## **,** *,~
#.....##...### *..# *,,* *,~
##..♣~♣..#...# *..###.** *,~
#...~~..).#.# *..#...* *,~
##.P~~.##...#####....#** *,~
##~P~.###..........#* *,~ #.~..#
#..........###*****,~
#....###.##.o........,,,,,,,
##)...##.#.@#..##..##*****,,
#)##..#.#.##..##,,**,,,,,,*
#####.###.#..)#.....,,,,,,,****
**#.......)(#...........,,,,,,,,,
..........(.........##.#.#****,**
............##...#..#*.#># *,,*
.##.........##.#..o.#*,#>* ***,,
,...#....##....###..#*,,,****,,,,
###....#..###..# *..#**,,,**,,***


You could see an orc warrior (berserk).

Vanquished Creatures
  A water moccasin (D:5)
  An ice beast (D:5)
  A phantom (D:5)
  2 gnoll sergeants (D:8)
  2 scorpions
  4 killer bees (D:8)
  3 hounds (D:5)
  A jelly (D:4)
  Crazy Yiuf (D:2)
  2 iguanas
  An orc wizard (D:3)
  A sleepcap (D:4)
  7 gnolls
  6 adders
  An ufetubus (D:5)
  2 worms (D:2)
  4 orcs (D:3)
  9 endoplasms
  5 goblins
  6 hobgoblins
  7 jackals
  4 quokkas
  6 ball pythons
  6 bats
  3 frilled lizards
  6 kobolds
  2 rats
94 creatures vanquished.

Notes
Turn   | Place    | Note
-------+----------+-------------------------------------------
     0 | D:1      | KittyFluff the Gargoyle Berserker began the quest for the
                  | Orb.
     0 | D:1      | Reached XP level 1. HP: 14/14 MP: 1/1
   167 | D:1      | Found a faded altar of an unknown god.
   332 | D:1      | Reached XP level 2. HP: 10/19 MP: 2/2
  1112 | D:2      | Reached XP level 3. HP: 23/23 MP: 3/3
  1143 | D:2      | Found an ornate altar of the Wu Jian Council.
  1339 | D:2      | Found a runed translucent door.
  1340 | D:2      | Noticed Crazy Yiuf
  1514 | D:2      | Reached ** piety under Trog
  1989 | D:2      | Killed Crazy Yiuf
  1990 | D:2      | Reached XP level 4. HP: 19/29 MP: 0/4
  2329 | D:3      | Identified the +3 robe "Orphuwug" {Rampage rF+++ Will+
                  | Str-3}
  2390 | D:3      | Reached XP level 5. HP: 18/33 MP: 5/5
  2804 | D:3      | Found Ruroi's Magic Scroll Emporium.
  2807 | D:3      | Bought a scroll of identify for 28 gold pieces
  2807 | D:3      | Bought a scroll of identify for 28 gold pieces
  2807 | D:3      | Bought a scroll of identify for 28 gold pieces
  3024 | D:4      | Reached skill level 1 in Staves
  3024 | D:4      | Reached XP level 6. HP: 13/38 MP: 6/6
  3413 | D:4      | Found a white marble altar of Elyvilon.
  3478 | D:5      | Entered Level 5 of the Dungeon
  3715 | D:5      | Reached XP level 7. HP: 41/44 MP: 7/7
  3740 | D:5      | Reached skill level 5 in Maces & Flails
  3878 | D:5      | Reached skill level 5 in Armour
  3969 | D:5      | Found a staircase to the Ecumenical Temple.
  4225 | D:6      | You fall into a shaft and drop 2 floors!
  4265 | D:8      | Reached skill level 5 in Fighting
  4265 | D:8      | Reached XP level 8. HP: 49/49 MP: 8/8
  4342 | D:8      | Reached *** piety under Trog
  4364 | D:8      | Slain by an orc warrior

Illustrated notes

Levels and vault maps discovered:
D:1:      tekkud_arrival_beachfront_property, layout_loops_cross,
          shapermc_ecumenical_altar_totnotflames
D:2:      layout_basic, basic_altar, serial_bayou_pond_c, hex_tiny,
          minmay_octomino_c4, uniq_crazy_yiuf_cottage
D:3:      layout_loops_ring, serial_shops, nicolae_shop_rolled_up,
          chequers_serial_rivers_marsh
D:4:      layout_cave_pools, lemuel_tele_altar, dreamdust_princess_corridor
D:5:      lemuel_ice_spiral_2, layout_rooms, minmay_temple_entry_slanted
D:6:      layout_loops_ring, serial_shops, shop_coins, minmay_misc_feat_encased,
          minmay_splitting_lines
D:8:      layout_rooms, mainiacjoe_overflow_small_starburst, enter_bailey_3,
          serial_bayou_pond_e, nicolae_grassy_gnolls, uniq_amaemon, uniq_erica

Skill      XL: |  1  2  3  4  5  6  7  8 |
---------------+-------------------------+-----
Armour         | 3 4 5 6 |  6.0
Dodging        | 2 3 |  3.4
Maces & Flails | 4 5 6 |  6.1
Fighting       | 4 5 |  5.2
Staves         | 1 2 |  2.9

Action                     |  1- 3 |  4- 6 |  7- 9 || total
---------------------------+-------+-------+-------++-------
  Melee: Mace              |   126 |   163 |    84 ||   373
         Punch             |       |     2 |       ||     2
 Invoke: Berserk           |     1 |     2 |     1 ||     4
    Use: Scroll            |       |     7 |     1 ||     8
   Stab: Sleeping          |       |     1 |       ||     1
 Armour: Animal skin       |    51 |       |       ||    51
         Leather armour    |     5 |    16 |       ||    21
         Robe              |       |    58 |    80 ||   138
  Dodge: Dodged            |    81 |   111 |    98 ||   290
